 Dungeon Crawl Stone Soup version 0.29.1-2-gbd0b4ee654 (webtiles) character file.

Game seed: 5297245050245475604

175 folm99785 the Grave Robber (level 5, -3/35 HPs)
             Began as a Demonspawn Necromancer on Nov 28, 2022.
             Slain by a bullfrog (5 damage)
             ... on level 4 of the Dungeon on Nov 29, 2022.
             The game lasted 00:28:28 (4055 turns).

folm99785 the Grave Robber (Demonspawn Necromancer) Turns: 4055, Time: 00:28:28

Health: -3/35      AC:  5    Str:  4    XL:     5   Next: 29%
Magic:  2/10       EV: 12    Int: 18    God:
Gold:   139        SH:  4    Dex: 15    Spells: 3/11 levels left

rFire   x . .      SeeInvis .   (no weapon)
rCold   + . .      Faith    .   (no shield)
rNeg    + + .      Spirit   .   a - +0 robe
rPois   .          Reflect  .   (no helmet)
rElec   .          Harm     .   g - +0 cloak "Utehocvu" {Contam rN++ Str-5 Dex+2}
rCorr   .          Rampage  .   (no gloves)
Will    .....                   (no boots)
Stlth   ++........              (no amulet)
HPRegen 0.11/turn               d - ring of ice
MPRegen 0.12/turn               (no ring)

@: animating dead
A: molten scales 1, powered by pain 1, condensation shield
a: no special abilities


You were on level 4 of the Dungeon.
You visited 1 branch of the dungeon, and saw 4 of its levels.

You collected 139 gold pieces.

Inventory:

Armour
 a - a +0 robe (worn)
 g - the +0 cloak "Utehocvu" (worn) {Contam rN++ Str-5 Dex+2}
   (You found it on level 2 of the Dungeon)

   Str:       It affects your strength (-5).
   Dex:       It affects your dexterity (+2).
   rN:        It greatly protects you from negative energy.
   Contam:    It causes magical contamination when unequipped.
Jewellery
 d - a ring of ice (left hand)
Wands
 e - a wand of digging (5)
Scrolls
 c - a scroll of fear {unknown}


   Skills:
 * Level 2.3 Dodging
 - Level 1.7 Stealth
 * Level 3.5 Spellcasting
 * Level 6.0 Necromancy


You had 3 spell levels left.
You knew the following spells:

 Your Spells              Type           Power      Damage    Failure   Level
a - Necrotise             Necr           96%        1d8       1%          1
b - Vampiric Draining     Necr           24%        2d7       4%          3
c - Animate Dead          Necr           24%        N/A       13%         4

Your spell library contained the following spells:

 Spells                   Type           Power      Damage    Failure   Level
 Slow                     Hex            12%        N/A       16%         1
 Confusing Touch          Hex            3%         N/A       43%         3
 Gell's Gravitas          Tloc           3%         N/A       43%         3
 Lesser Beckoning         Tloc           3%         N/A       43%         3
 Teleport Other           Tloc           3%         N/A       43%         3
 Agony                    Necr           24%        N/A       36%         5


Dungeon Overview and Level Annotations

Branches:
Dungeon (4/15)
 Temple: D:4-7

Altars:

Shops:
D:2 [*(?*


Innate Abilities, Weirdness & Mutations

You are partially covered in molten scales. (AC +2)
You sometimes gain a little power by taking damage.
A meltable shield of frost defends you. (SH +4)


Message History

Press: ? - help, Shift-Dir - straight line, f/p - bullfrog
Aim: a bullfrog (heavily wounded, chance to affect: 83%)
The bullfrog barely resists.
The bullfrog closely misses you. The bullfrog hits you.
Casting: Necrotise (safe; 1% risk of failure)
Confirm with . or Enter, or press ? or * to list all spells.
Aiming: Necrotise (safe; 1% risk of failure)
Press: ? - help, Shift-Dir - straight line, f/p - bullfrog
Aim: a bullfrog (heavily wounded, chance to affect: 83%)
The bullfrog writhes in agony.
The bullfrog hits you but does no damage.
Casting: Necrotise (safe; 1% risk of failure)
Confirm with . or Enter, or press ? or * to list all spells.
Aiming: Necrotise (safe; 1% risk of failure)
Press: ? - help, Shift-Dir - straight line, f/p - bullfrog
Aim: a bullfrog (heavily wounded, chance to affect: 83%)
The bullfrog barely resists.
The bullfrog misses you. The bullfrog hits you!
The hobgoblin barely misses you.
The iguana bites you but does no damage.
Casting: Necrotise (safe; 1% risk of failure)
Confirm with . or Enter, or press ? or * to list all spells.
Aiming: Necrotise (safe; 1% risk of failure)
Press: ? - help, Shift-Dir - straight line, f/p - bullfrog
Aim: a bullfrog (heavily wounded, chance to affect: 83%)
The bullfrog writhes in agony.
You block the bullfrog's attack. The iguana bites you! The hobgoblin hits you.
The bullfrog hits you but does no damage.
The bullfrog barely misses you. The iguana attacks as you move away!
The iguana bites you.
* * * LOW HITPOINT WARNING * * *
The bullfrog attacks as you move away! The bullfrog hits you.
* * * LOW HITPOINT WARNING * * *
The bullfrog hits you but does no damage.
Casting: Necrotise (safe; 1% risk of failure)
Confirm with . or Enter, or press ? or * to list all spells.
You don't have enough magic to cast this spell.
The bullfrog attacks as you move away!
The bullfrog hits you but does no damage.
The bullfrog hits you.
You die...

..#.....##...................
............................# .
.!......# ##.............#.#
..........### #..........##.#
... #.......###..........##.#
....#...............#.........
. .....#.?.........../..>.....
....#..#........##.....#.##.#.#
........w..l.F@.##....)#$# .# #
...........g#...##.....#.# #
##.....#.#......##.......#
.................+.....###
.....).#.......###†....####.#
##.#........................#
#.##..................#.##.# #
#............####..#.#
...........##....#.##.


You could see a bullfrog, an iguana, a dart slug and a hobgoblin.

Vanquished Creatures
  A hound (D:3)
  Jessica (D:3)
  4 adders (D:2)
  2 worms
  4 dart slugs
  2 orcs
  7 ball pythons
  3 endoplasms (D:1)
  A giant cockroach (D:1)
  5 goblins
  10 hobgoblins
  6 jackals
  3 quokkas
  4 bats
  2 kobolds
  5 rats
60 creatures vanquished.

Vanquished Creatures (collateral kills)
  A dart slug (D:1)
  2 endoplasms
  A rat (D:2)
4 creatures vanquished.

Vanquished Creatures (others)
  A hound zombie (D:3)
  A worm zombie (D:3)
  A hobgoblin zombie (D:4)
  An orc zombie (D:4)
4 creatures vanquished.

Grand Total: 68 creatures vanquished

Notes
Turn   | Place    | Note
-------+----------+-------------------------------------------
     0 | D:1      | folm99785 the Demonspawn Necromancer began the quest for
                  | the Orb.
     0 | D:1      | Reached XP level 1. HP: 13/13 MP: 3/3
   209 | D:1      | Gained mutation: You sometimes gain a little power by
                  | taking damage. [demonic ancestry]
   209 | D:1      | Reached XP level 2. HP: 19/19 MP: 0/5
   476 | D:1      | Found a faded altar of an unknown god.
   625 | D:1      | Reached skill level 5 in Necromancy
  1078 | D:1      | Gained mutation: A meltable shield of frost defends you.
                  | (SH +4) [demonic ancestry]
  1078 | D:1      | Reached XP level 3. HP: 24/24 MP: 3/6
  1177 | D:1      | Learned a level 3 spell: Vampiric Draining
  1605 | D:2      | Found Hysaedd's Weapon Boutique.
  1610 | D:2      | Found Sol Luit's Magic Scroll Shoppe.
  1707 | D:2      | Found Yxzys's Assorted Antiques.
  1834 | D:2      | Identified the +0 cloak "Utehocvu" {Contam rN++ Str-5
                  | Dex+2}
  1872 | D:2      | Reached XP level 4. HP: 30/30 MP: 5/8
  2264 | D:2      | Found Ewolia Xulec's General Store.
  2357 | D:2      | Found Kioskyxy's Armour Emporium.
  2528 | D:3      | Learned a level 4 spell: Animate Dead
  2819 | D:3      | Noticed Jessica
  2823 | D:3      | Killed Jessica
  3200 | D:3      | Gained mutation: You are partially covered in molten
                  | scales. (AC +2) [demonic ancestry]
  3200 | D:3      | Reached XP level 5. HP: 35/35 MP: 5/10
  3890 | D:4      | Reached skill level 6 in Necromancy
  4053 | D:4      | HP: 1/35 [bullfrog (6)]
  4055 | D:4      | Slain by a bullfrog

Illustrated notes

Levels and vault maps discovered:
D:1:      ncdulo_watergridlock, layout_basic,
          hellmonk_ecumenical_altar_slurped_away
D:2:      layout_basic, serial_shops, nicolae_shop_statue_plus,
          nicolae_shop_stone, shop, nicolae_shop_advertising_works
          [nicolae_subvault_shop_adworks], nicolae_square_shop,
          minmay_pentomino_s4
D:3:      layout_loops_corners, uniq_jessica
D:4:      layout_basic, mainiacjoe_overflow_tiny_flanked, uniq_blork_the_orc,
          uniq_eustachio

Skill      XL: |  1  2  3  4  5 |
---------------+----------------+-----
Necromancy     | 5 6 |  6.0
Dodging        | 2 |  2.3
Spellcasting   | 3 |  3.5
Stealth        | |  1.7

Action                   |  1- 3 |  4- 6 || total
-------------------------+-------+-------++-------
 Cast: Necrotise         |    73 |    48 ||   121
       Vampiric Draining |     1 |     7 ||     8
       Animate Dead      |       |     9 ||     9
  Use: Scroll            |     5 |     3 ||     8
       Potion            |     1 |     2 ||     3
Armor: Robe              |       |    21 ||    21
Dodge: Dodged            |     3 |    53 ||    56
Block: Other             |       |    18 ||    18
